 Dungeon Crawl Stone Soup version 0.18-a0-1203-gbde16db (webtiles) character file.

29 HrabiaVulpes the Gusty (level 3, -1/19 HPs)
             Began as a Tengu Air Elementalist on Feb 1, 2016.
             Slain by a goblin
             ... wielding a +0 dagger
             ... led by Robin
              (4 damage)
             ... on level 2 of the Dungeon.
             The game lasted 00:06:11 (1448 turns).

HrabiaVulpes the Gusty (Tengu Air Elementalist)     Turns: 1448, Time: 00:06:11

Health: -1/19      AC:  2    Str:  8    XL:     3   Next: 16%
Magic:  5/7        EV: 13    Int: 16    God:
Gold:   27         SH:  0    Dex: 14    Spells: 1 memorised, 5 levels left

rFire  . . .     SeeInvis .     j - +0 short sword
rCold  . . .     Gourm    .     a - +0 robe
rNeg   . . .     Faith    .     (no shield)
rPois  .         Spirit   .     (helmet restricted)
rElec  .         Dismiss  .     (no cloak)
rCorr  .         Reflect  .     (no gloves)
SustAt .         Harm     .     (boots unavailable)
MR     .....                    (no amulet)
Stlth  ++........               (no ring)
                                (no ring)

@: very slightly contaminated, not resistant to hostile enchantments, unstealthy
A: beak, talons 3
a: no special abilities


You were on level 2 of the Dungeon.
You were hungry.

You visited 1 branch of the dungeon, and saw 2 of its levels.

You collected 27 gold pieces.

Inventory:

Hand Weapons
 j - a +0 short sword (weapon)
Armour
 a - a +0 robe (worn)
Jewellery
 k - an uncursed ring of resist corrosion {unknown}
 o - an uncursed ring of magical power {unknown}
Scrolls
 e - 3 scrolls of identify {unknown}
 g - 2 scrolls of fear {unknown}
 n - a scroll of blinking {unknown}
Potions
 f - a potion of curing {unknown}
 l - a potion of agility {unknown}
Books
 b - a book of Air

   Spells                             Type                      Level
   a - Shock                          Conjuration/Air              1
   b - Swiftness                      Charms/Air                   2
   c - Repel Missiles                 Charms/Air                   2
   d - Static Discharge               Conjuration/Air              3
   e - Lightning Bolt                 Conjuration/Air              5
Comestibles
 c - 2 bread rations
 h - a meat ration
 i - a beef jerky
 m - 5 fruits


   Skills:
 + Level 2.6 Dodging
 - Level 2.0 Stealth
 + Level 2.2 Spellcasting
 * Level 2.8 Conjurations
 + Level 4.2 Air Magic


You had 5 spell levels left.
You knew the following spells:

 Your Spells              Type           Power        Failure   Level  Hunger
a - Shock                 Conj/Air       ##..         6%          1    #......


Dungeon Overview and Level Annotations

Branches:
Dungeon (2/15)

Altars:

Annotations:
D:2 Jessica, Robin


Innate Abilities, Weirdness & Mutations

You have a beak for a mouth.
You have claws for feet.


Message History

The hobgoblin closely misses you.
Robin roars a battlecry!
The goblin goes into a battle-frenzy!
You hear a shout!
Robin roars a battlecry!
The goblins go into a battle-frenzy!
Jessica shouts!
Jessica hits you with a dagger. Robin throws the goblin at you!
Jessica hits you with a dagger. The goblin barely misses you.
Robin throws the goblin at you!
Jessica shouts, "You are a ghastly nuisance!"
Jessica hits you with a dagger.
* * * LOW HITPOINT WARNING * * *
The goblin barely misses you. The goblin misses you.
Robin roars a battlecry!
Jessica grins evilly.
The goblin hits you with a dagger.
You die...

#### #.####.##.#...###.# .... ###
#.# #...........#. ####.. ..# #.#
#######.####.# #.###.# #.# #.#
### #...#.######.##### ##+## #
#.#.#.##.........# ##..)## #
###.#(#.##.###.###.# ##.....## #
##.#.#.#.##.###..##.###.......###
#........##.##@g@.#.##.........##
..........g.g..gg<...'.........'.
#...##.####.........##.........##
##.###.# ####.#.######.......##
### #.# #...## ##.....## #.#
##..# ##...## ..# ##.# ##'## ###
#.# #.### #.# #####...##


You could see Robin, Jessica, a hobgoblin (frenzied) and 3 goblins.

Vanquished Creatures
  4 giant cockroaches (D:1)
  6 goblins
  A hobgoblin (D:1)
  A jackal (D:2)
  6 kobolds
  3 bats (D:1)
  4 rats
25 creatures vanquished.

Notes
Turn   | Place    | Note
--------------------------------------------------------------
     0 | D:1      | HrabiaVulpes the Tengu Air Elementalist began the quest for the Orb.
     0 | D:1      | Reached XP level 1. HP: 10/10 MP: 4/4
   292 | D:1      | Reached XP level 2. HP: 15/15 MP: 3/6
  1226 | D:2      | Reached XP level 3. HP: 19/19 MP: 2/7
  1418 | D:2      | Noticed Robin
  1424 | D:2      | Noticed Jessica
  1448 | D:2      | Slain by a goblin

Vault maps used:
D:1:      tarquinn_simple_flora_water_d, serial_glass, glass_columns_a,
          glass_columns_c, hangedman_decor_growths
D:2:      uniq_jessica, uniq_crazy_yiuf_cottage, uniq_robin

Action                   || total
-------------------------++-------
Melee: Short sword       ||     3
 Cast: Shock             ||    61
  Eat: Chunk             ||     2
